 Dungeon Crawl Stone Soup version 0.19-a0-1920-g83281cb (webtiles) character file.

153 Kirk the Shield-Bearer (level 5, 0/41 HPs)
             Began as a Formicid Fighter on Oct 23, 2016.
             Slain by an orc
             ... wielding a +0 flail
              (13 damage)
             ... on level 3 of the Dungeon.
             The game lasted 00:03:29 (1281 turns).

Kirk the Shield-Bearer (Formicid Fighter)           Turns: 1281, Time: 00:03:29

Health: 0/41       AC:  7    Str: 22    XL:     5   Next: 61%
Magic:  5/5        EV:  8    Int:  7    God:
Gold:   80         SH: 15    Dex: 10    Spells: 0 memorised, 4 levels left

rFire  . . .     SeeInvis +     a - +0 war axe
rCold  . . .     Gourm    .     b - +0 scale mail
rNeg   . . .     Faith    .     c - +0 shield
rPois  .         Spirit   .     (helmet unavailable)
rElec  .         Reflect  +     (no cloak)
rCorr  .         Harm     .     (no gloves)
MR     .....                    (no boots)
Stlth  ..........               o - +5 amulet of reflection
                                (no ring)
                                (no ring)

@: no status effects
A: permanent stasis, dig shafts and tunnels, four strong arms, antennae 3
a: Dig, Shaft Self


You were on level 3 of the Dungeon.
You were hungry.

You visited 1 branch of the dungeon, and saw 3 of its levels.

You collected 80 gold pieces.

Inventory:

Hand Weapons
 a - a +0 war axe (weapon)
 d - a +2 whip of electrocution
Armour
 b - a +0 scale mail (worn)
 c - a +0 shield (worn)
 m - a +0 plate armour
 t - a +0 buckler
Jewellery
 o - a +5 amulet of reflection (around neck)
Scrolls
 i - a scroll of noise {unknown}
 j - 2 scrolls of magic mapping {unknown}
 k - a scroll of random uselessness {unknown}
 n - 2 scrolls of identify {unknown}
 p - a scroll of remove curse {unknown}
 q - a scroll of teleportation {unknown}
 s - a scroll of fog {unknown}
Potions
 e - a potion of resistance {unknown}
 l - a potion of berserk rage
Comestibles
 f - 3 bread rations
 g - 3 meat rations
 r - a chunk of flesh


   Skills:
 - Level 3.2 Fighting
 + Level 3.9 Axes
 + Level 4.1 Armour
 + Level 4.9 Shields


You had 4 spell levels left.
You didn't know any spells.

Dungeon Overview and Level Annotations

Branches:
Dungeon (3/15)

Altars:
Cheibriados
Nemelex Xobeh
Qazlal


Innate Abilities, Weirdness & Mutations

You are under a permanent stasis effect.
You can dig through walls and to a lower floor.
Your four strong arms can wield two-handed weapons with a shield.
You have a pair of large antennae on your head. (SInv)


Message History

The adder poisons you! The orc hits you but does no damage.
You feel better. The orc closely misses you. You block the orc's attack.
You block the adder's attack.
You barely miss the adder.
The adder is heavily wounded.
You closely miss the orc. x2; The orc hits you but does no damage.
You block the orc's attack. You block the adder's attack.
You block the orc's attack. The orc barely misses you.
The adder bites you but does no damage. The orc hits you but does no damage.
Unknown command.
You closely miss the adder.
The adder is heavily wounded.
You hit the orc but do no damage. x2; The orc hits you with a flail.
* * * LOW HITPOINT WARNING * * *
You block the adder's attack. You block the orc's attack.
The orc hits you from afar with a trident.
* * * LOW HITPOINT WARNING * * *
Some of the chunks of flesh in your inventory have rotted away.
You feel better. The orc hits you with a flail!
You die...

........##.##.#.#
........##.##...#
##{
####<......###(.##.#
######### #.....#
#...#.# ##..# # #..#
#..# #)@#


#oSo# #..o.. #......# ##....... . %........ ... ##.#..### #.. ...>. #.. ### You
could see an adder and 3 orcs.

Vanquished Creatures
  2 orc wizards
  An orc priest (D:3)
  2 oozes (D:1)
  A worm (D:3)
  2 leopard geckos (D:3)
  5 orcs
  7 bats
  A giant cockroach (D:1)
  5 goblins
  4 hobgoblins
  2 jackals (D:3)
  2 quokkas
  A ball python (D:3)
  A frilled lizard (D:2)
  4 kobolds
  10 rats
50 creatures vanquished.

Vanquished Creatures (others)
  A goblin (D:3)
1 creature vanquished.

Grand Total: 51 creatures vanquished

Notes
Turn   | Place    | Note
-------+----------+-------------------------------------------
     0 | D:1      | Kirk the Formicid Fighter began the quest for the Orb.
     0 | D:1      | Reached XP level 1. HP: 18/18 MP: 1/1
   197 | D:1      | Reached XP level 2. HP: 13/24 MP: 2/2
   407 | D:1      | Reached XP level 3. HP: 25/29 MP: 3/3
   569 | D:2      | Found a sparkling altar of Nemelex Xobeh.
   579 | D:2      | Found a snail-covered altar of Cheibriados.
   791 | D:2      | Found a stormy altar of Qazlal.
   950 | D:2      | Reached XP level 4. HP: 13/35 MP: 4/4
  1115 | D:3      | Reached XP level 5. HP: 35/41 MP: 5/5
  1281 | D:3      | Slain by an orc

Vault maps used:
D:1:      nicolae_arrival_memento_mori, minivault_24
D:2:      overflow_temple_1_default, nemelex_xobeh_ov_fountains_minmay,
          first_bread, minmay_misc_feat_nine_boxes,
          nicolae_qazlal_general_emergency
D:3:      portal_sewer_entry_c

Skill      XL: |  1  2  3 |
---------------+----------+-----
Shields        | 4 |  4.9
Armour         | 4 |  4.1
Axes           | 3 |  3.9
Fighting       | |  3.2

Action                   |  1- 3 |  4- 6 || total
-------------------------+-------+-------++-------
Melee: War axe           |   107 |    59 ||   166
  Use: Potion            |       |     4 ||     4
  Eat: Chunk             |       |     1 ||     1
Armor: Scale mail        |    51 |    21 ||    72
Dodge: Dodged            |    40 |    27 ||    67
Block: Shield            |    70 |    78 ||   148
       Reflection        |       |     4 ||     4
